[Event "WYCC 2018 G18"]
[Site "Halkidiki"]
[Date "2018.10.22"]
[Round "4"]
[White "Manriquez Abarzua, Maria Belen"]
[Black "Golsta, Madara"]
[Result "1/2-1/2"]
[ECO "B27"]
[WhiteElo "1630"]
[BlackElo "1938"]
[Annotator "NA"]
[PlyCount "62"]
[EventDate "2018.10.20"]
[EventType "swiss"]
[EventCountry "GRE"]
[SourceTitle "playchess.com"]
[Source "ChessBase"]
[SourceQuality "1"]
[TimeControl "40/5400+30:1800+30"]

1. e4 c5 2. Nf3 g6 3. d4 cxd4 4. Nxd4 Bg7 5. Nc3 Nc6 6. Be3 Nf6 7. Be2 O-O 8. Qd2 d5 9. exd5 Nxd5 10. Nxc6 $11 bxc6 11. Bd4 e5 12. Bc5 Re8 13. O-O Be6 14. Rad1 Qc7 15. Ne4 f5 16. Ng5 Bf6 17. Nxe6 Rxe6 18. Bc4 Rd8 19. Bb4 Qb7 20. Ba5 Rd7 21. Bb3 Kg7 22. Qc1 Red6 23. Bd2 Qb8 24. Rfe1 Qd8 25. c4 Ne7 26. Bh6+ Kh8 27. Rxd6 Rxd6 28. Bg5 Kg7 29. Bh6+ Kh8 30. Bg5 Kg7 31. Bh6+ Kh8 1/2-1/2

[Event "WYCC 2018 G18"]
[Site "Halkidiki"]
[Date "2018.10.22"]
[Round "4"]
[White "Salas Estrada, Ana Valeria"]
[Black "Zairbek kyzy, Begimay"]
[Result "0-1"]
[ECO "B10"]
[WhiteElo "1593"]
[BlackElo "1919"]
[Annotator "NA"]
[PlyCount "60"]
[EventDate "2018.10.20"]
[EventType "swiss"]
[EventCountry "GRE"]
[SourceTitle "playchess.com"]
[Source "ChessBase"]
[SourceQuality "1"]
[TimeControl "40/5400+30:1800+30"]

1. e4 c6 2. d3 d5 3. Nd2 Nf6 4. Ngf3 Bg4 5. g3 e6 6. Bg2 Bb4 7. c3 Be7 8. O-O O-O 9. e5 Nfd7 10. Re1 c5 11. h3 Bh5 12. Nf1 Nc6 13. g4 Bg6 14. Ng3 Qc7 15. Bf4 Rae8 16. h4 f6 17. h5 fxe5 18. Bxe5 Ndxe5 19. Nxe5 Nxe5 20. hxg6 Bh4 21. gxh7+ Kh8 22. Qe2 Ng6 23. Qe3 d4 24. cxd4 cxd4 25. Qxd4 Bxg3 26. fxg3 Qxg3 27. Qe4 Nf4 28. Kh1 Rf6 29. Qf3 Rh6+ 30. Kg1 Nh3+ 0-1

[Event "WYCC 2018 G18"]
[Site "Halkidiki"]
[Date "2018.10.22"]
[Round "4"]
[White "Mahmutagic, Mevlida"]
[Black "Buchta, Agnieszka"]
[Result "0-1"]
[ECO "B40"]
[WhiteElo "1484"]
[BlackElo "1879"]
[Annotator "NA"]
[PlyCount "64"]
[EventDate "2018.10.20"]
[EventType "swiss"]
[EventCountry "GRE"]
[SourceTitle "playchess.com"]
[Source "ChessBase"]
[SourceQuality "1"]
[TimeControl "40/5400+30:1800+30"]

1. e4 c5 2. Nf3 e6 3. d4 cxd4 4. Nxd4 Nf6 5. Nc3 Bb4 6. Bd2 Bxc3 7. Bxc3 Nxe4 8. Qg4 Nxc3 9. Qxg7 Rf8 10. bxc3 a6 11. Qxh7 Qa5 12. Qd3 d5 13. Be2 Bd7 14. Nb3 Qc7 15. c4 dxc4 16. Qxc4 Nc6 17. O-O O-O-O 18. Rfd1 Rh8 19. h3 Rdg8 20. Rd3 f5 21. Nc5 Ne5 22. Rxd7 Nxd7 23. Nxe6 Qxc4 24. Bxc4 Ne5 25. Bb3 Rxh3 26. Nf4 Nf3+ 27. Kf1 Rh1+ 28. Ke2 Re8+ 29. Kxf3 Rxa1 30. Be6+ Rxe6 31. Nxe6 Rxa2 32. c4 a5 0-1

[Event "WYCC 2018 G18"]
[Site "Halkidiki"]
[Date "2018.10.22"]
[Round "4"]
[White "Saraci, Ndriqona"]
[Black "Salimova, Asal"]
[Result "0-1"]
[ECO "B06"]
[WhiteElo "1263"]
[BlackElo "1870"]
[Annotator "NA"]
[PlyCount "38"]
[EventDate "2018.10.20"]
[EventType "swiss"]
[EventCountry "GRE"]
[SourceTitle "playchess.com"]
[Source "ChessBase"]
[SourceQuality "1"]
[TimeControl "40/5400+30:1800+30"]

1. e4 g6 2. d4 Bg7 3. Nc3 d6 4. Be3 a6 5. Qd2 Nd7 6. Bd3 b5 7. Nce2 Bb7 8. Nf3 c5 9. Ng3 h6 10. b3 Ngf6 11. h3 Qc7 12. Qe2 Rc8 13. c4 bxc4 14. Bxc4 Nxe4 15. Bxa6 Nxg3 16. fxg3 Qa5+ 17. Bd2 Qxa6 18. Qf2 Bxf3 19. gxf3 Bxd4 0-1

[Event "WYCC 2018 G18"]
[Site "Halkidiki"]
[Date "2018.10.23"]
[Round "5"]
[White "Shuvalova, Polina"]
[Black "Sargsyan, Anna M."]
[Result "1-0"]
[ECO "B12"]
[WhiteElo "2421"]
[BlackElo "2331"]
[Annotator "NA RC"]
[PlyCount "93"]
[EventDate "2018.10.20"]
[EventType "swiss"]
[EventCountry "GRE"]
[SourceTitle "playchess.com"]
[Source "ChessBase"]
[SourceQuality "1"]
[TimeControl "40/5400+30:1800+30"]

1. e4 c6 2. d4 d5 3. e5 Bf5 4. Nd2 e6 5. Nb3 Nd7 6. Nf3 Ne7 {[%emt 0:00:14] B12: Caro-Kann: Advance Variation} 7. Be2 Nc8 8. O-O Be7 9. Be3 O-O 10. Ne1 {[%emt 0:02:44] LiveBook: 7 Games} a6 $146 ({Predecessor:} 10... f6 11. f4 fxe5 12. fxe5 Ncb6 13. Nd2 Na4 14. Rb1 {½-½ (46) Socko,B (2644)-Vokarev,S (2502) Plovdiv 2008}) 11. f4 f6 12. Bd3 fxe5 13. fxe5 Bg5 14. Bf2 Ncb6 15. Qe2 Na4 16. Bxf5 Rxf5 17. c4 Nab6 18. c5 Nc4 19. Nf3 a5 20. h4 Be7 21. Nc1 b6 22. b3 Na3 23. Nd3 a4 24. g4 Rf8 25. Kg2 Nb5 26. b4 Nc3 27. Qe3 Ne4 28. Bg3 Qe8 29. Nf4 Bd8 30. Nd2 Nxd2 31. Qxd2 b5 32. Rf2 g5 33. hxg5 Bxg5 34. Qd3 Bxf4 35. Bxf4 Qg6 36. Qxg6+ hxg6 $16 37. Raf1 Rf7 38. Bh6 Rxf2+ 39. Rxf2 Re8 40. Kg3 Re7 41. Rf1 Rf7 42. Rh1 Rh7 43. Kf4 Rf7+ 44. Kg5 Kh7 45. Bf8+ Kg8 46. Bd6 Rh7 47. Rh6 1-0

[Event "WYCC 2018 G18"]
[Site "Halkidiki"]
[Date "2018.10.23"]
[Round "5"]
[White "Garcia Martin, Marta"]
[Black "Tejaswini, Sagar"]
[Result "0-1"]
[ECO "C50"]
[WhiteElo "2329"]
[BlackElo "2139"]
[Annotator "NA"]
[PlyCount "130"]
[EventDate "2018.10.20"]
[EventType "swiss"]
[EventCountry "GRE"]
[SourceTitle "playchess.com"]
[Source "ChessBase"]
[SourceQuality "1"]
[TimeControl "40/5400+30:1800+30"]

1. e4 e5 2. Nf3 Nc6 3. Bc4 Bc5 4. O-O d6 5. c3 Nf6 6. d3 a6 7. Nbd2 Ba7 8. Bb3 O-O 9. h3 h6 10. Re1 Re8 11. Nf1 Be6 12. Bc2 {[%emt 0:05:23] C54: Giuoco Piano: 4 c3 Nf6, main lines with 5 d4 and 5 d3} d5 13. Qe2 d4 {[%emt 0:02:35] LiveBook: 4 Games} (13... dxe4 14. dxe4 Qe7 15. Ng3 Rad8 16. Nh4 Qf8 17. Nhf5 Ne7 18. Ne3 Ng6 19. Ngf5 Nf4 {½-½ (38) Giri,A (2752)-Carlsen,M (2834) Wijk aan Zee 2018}) 14. Ng3 Qd7 15. Bd2 Rad8 {[%emt 0:09:01] [#]} 16. Nh4 $146 ({Predecessor:} 16. Red1 Bc5 17. c4 Bxc4 18. Bxh6 Be6 19. Bg5 Be7 {1-0 (47) Hillarp Persson,T (2618)-Glimbrant,T (2244) Kungsor 2009}) 16... dxc3 17. bxc3 Bxh3 18. gxh3 Qxh3 19. Nhf5 Ng4 20. Red1 Qh2+ 21. Kf1 Qxf2+ 22. Qxf2 Nxf2 23. Ke2 Nxd1 24. Rxd1 Ne7 25. Bb3 Nxf5 26. Nxf5 Rd7 27. Rf1 h5 28. Rf3 Kh7 29. Ng3 Kg6 30. Rf5 f6 31. Rxh5 Red8 32. Bc2 b5 33. Rh3 c5 34. Bc1 c4 35. dxc4 bxc4 36. Nf5 Bc5 37. Rg3+ Kh7 38. Ba4 Rc7 39. Rh3+ Kg8 40. Rg3 Kh7 41. Bc2 Rcd7 42. Kf3 Rb7 43. Kg4 g6 44. Rh3+ Kg8 45. Nh4 Kg7 46. Rh1 Rbd7 47. Bh6+ Kf7 48. Rf1 Rh8 49. Bg5 Be7 $15 50. Ng2 Kg7 51. Bc1 Bc5 52. Kg3 Rb8 53. Nh4 Rbd8 54. Nf3 Kg8 55. Nh2 Kg7 56. Ng4 Rd6 57. Bh6+ Kh7 58. Rh1 Kg8 59. Rf1 Kh7 60. a4 g5 61. Nxf6+ Kxh6 62. Ng4+ Kg7 63. Bb1 Rd1 64. Rxd1 Rxd1 65. Bc2 Rc1 0-1

[Event "WYCC 2018 G18"]
[Site "Halkidiki"]
[Date "2018.10.23"]
[Round "5"]
[White "Obolentseva, Alexandra"]
[Black "Priyanka, Kumari"]
[Result "1-0"]
[ECO "E82"]
[WhiteElo "2298"]
[BlackElo "2005"]
[Annotator "NA"]
[PlyCount "87"]
[EventDate "2018.10.20"]
[EventType "swiss"]
[EventCountry "GRE"]
[SourceTitle "playchess.com"]
[Source "ChessBase"]
[SourceQuality "1"]
[TimeControl "40/5400+30:1800+30"]

1. d4 Nf6 2. c4 g6 3. Nc3 Bg7 4. e4 d6 5. f3 O-O 6. Be3 b6 7. Nge2 c5 8. d5 e6 {[%emt 0:04:53] LiveBook: 37 Games E82: King's Indian: Sämisch: 6...b6} 9. Ng3 exd5 10. cxd5 a6 (10... Ba6 11. Be2 Bxe2 12. Qxe2 a6 13. O-O b5 14. e5 dxe5 15. Bxc5 Re8 16. Rad1 {½-½ (44) Gunina,V (2497)-Grischuk,A (2752) Cheliabinsk 2016}) 11. a4 Nbd7 12. Be2 Rb8 13. O-O Ne8 14. Qd2 $146 ({Predecessor:} 14. f4 Nc7 15. e5 dxe5 16. f5 {½-½ (31) Rietze,C (2354)-Olsson,T (1930) Stockholm 2016}) 14... Nc7 15. Rfb1 b5 16. axb5 axb5 17. Bg5 Qe8 18. Ra7 b4 19. Nd1 Nb5 20. Bxb5 Rxb5 21. Ne3 Bd4 22. Kh1 Bxe3 23. Bxe3 f6 24. b3 Rf7 25. Rba1 Rb7 26. Rxb7 Bxb7 27. Bf2 Nb6 28. Re1 $14 Ba6 29. f4 Re7 30. e5 f5 31. Ra1 Qc8 32. exd6 Rd7 33. Qe3 Bb7 34. Qe6+ Kf8 35. Rc1 Bxd5 36. Qf6+ Bf7 37. Rxc5 Qd8 38. Qh8+ Bg8 39. Nxf5 gxf5 40. Rxf5+ Rf7 41. Bxb6 Qxb6 42. Rg5 Qxd6 43. Rxg8+ Ke7 44. Re8+ 1-0

[Event "WYCC 2018 G18"]
[Site "Halkidiki"]
[Date "2018.10.23"]
[Round "5"]
[White "Kiolbasa, Oliwia"]
[Black "Tarini Goyal"]
[Result "1/2-1/2"]
[ECO "B12"]
[WhiteElo "2254"]
[BlackElo "2026"]
[Annotator "NA"]
[PlyCount "44"]
[EventDate "2018.10.20"]
[EventType "swiss"]
[EventCountry "GRE"]
[SourceTitle "playchess.com"]
[Source "ChessBase"]
[SourceQuality "1"]
[TimeControl "40/5400+30:1800+30"]

1. e4 c6 2. d4 d5 3. e5 Bf5 4. Nd2 e6 5. Nb3 c5 {[%emt 0:00:52] B12: Caro-Kann: Advance Variation} (5... Nd7 6. Nf3 c5 7. dxc5 Bxc5 8. Nxc5 Nxc5 9. Nd4 Ne7 10. Be2 Nd7 11. f4 O-O 12. Be3 Be4 13. O-O Nb8 14. c3 {½-½ (36) Leko,P (2690)-Nisipeanu,L (2661) Batumi 2018}) 6. dxc5 Bxc5 7. Nxc5 Qa5+ 8. c3 Qxc5 9. Nf3 Qc7 10. Bf4 Nc6 11. Nd4 Nxd4 12. Qxd4 Ne7 13. Be2 $146 ({Predecessor:} 13. Bb5+) 13... O-O 14. O-O Nc6 15. Qe3 Na5 16. b3 a6 17. Rac1 b5 18. h4 h6 19. h5 Nc6 20. Rfd1 Rac8 $11 21. b4 Qb8 22. a3 a5 1/2-1/2

[Event "WYCC 2018 G18"]
[Site "Halkidiki"]
[Date "2018.10.23"]
[Round "5"]
[White "Antolak, Julia"]
[Black "Du, Yuxin"]
[Result "1/2-1/2"]
[ECO "B19"]
[WhiteElo "2240"]
[BlackElo "2011"]
[Annotator "NA"]
[PlyCount "103"]
[EventDate "2018.10.20"]
[EventType "swiss"]
[EventCountry "GRE"]
[SourceTitle "playchess.com"]
[Source "ChessBase"]
[SourceQuality "1"]
[TimeControl "40/5400+30:1800+30"]

1. e4 c6 2. d4 d5 3. Nc3 dxe4 4. Nxe4 Bf5 5. Ng3 Bg6 6. h4 h6 7. Nf3 Nd7 8. h5 Bh7 9. Bd3 Bxd3 10. Qxd3 e6 11. Bd2 Ngf6 12. O-O-O Be7 13. Kb1 O-O 14. Ne4 Nxe4 {[%emt 0:00:13] B19: Classical Caro-Kann: 4...Bf5 main line} (14... c5 15. g4 Nxg4 16. Qe2 Qb6 17. Ne5 Ndxe5 18. dxe5 f5 19. exf6 Nxf6 20. Nc3 Rad8 21. Rhg1 Kh8 22. Rg6 {½-½ (38) Saric,I (2662)-Nisipeanu,L (2672) Heraklio 2017}) 15. Qxe4 Nf6 16. Qe2 Qd5 17. Be3 Qb5 18. Rd3 Nd5 19. Bd2 a5 $146 ({Predecessor:} 19... c5 20. dxc5 Bxc5 21. Rh4 Ne7 22. Rg4 {1-0 (33) Khanin,S (2407)-Esipenko,A (2350) Kirishi 2015}) 20. Ne5 Ba3 21. b3 Qa6 22. c4 Ne7 23. g4 Bd6 $18 24. g5 a4 25. Bc1 axb3 26. Rxb3 Nf5 27. Nf3 hxg5 28. Bxg5 Rfe8 29. h6 f6 30. Bc1 g6 31. Qc2 b5 32. c5 Bc7 33. Nh4 Nxh4 34. Rxh4 Kf7 35. h7 Qa4 36. Qd2 g5 37. Rhh3 Bf4 38. Qb2 Bxc1 39. Kxc1 Qc4+ 40. Kd2 Qf1 41. Rhf3 Rad8 42. Rbd3 Rd5 43. Qa3 Kg6 44. Qa7 Qb1 45. Qe7 Qb2+ 46. Ke1 Rxe7 47. h8=Q Rf5 48. Qg8+ Rg7 49. Qe8+ Rf7 50. Qg8+ Rg7 51. Qe8+ Rf7 52. Qg8+ 1/2-1/2

[Event "WYCC 2018 G18"]
[Site "Halkidiki"]
[Date "2018.10.23"]
[Round "5"]
[White "Dimitrova, Aleksandra"]
[Black "Hamedi Nia, Vesal"]
[Result "1-0"]
[ECO "B33"]
[WhiteElo "2228"]
[BlackElo "1987"]
[Annotator "NA"]
[PlyCount "73"]
[EventDate "2018.10.20"]
[EventType "swiss"]
[EventCountry "GRE"]
[SourceTitle "playchess.com"]
[Source "ChessBase"]
[SourceQuality "1"]
[TimeControl "40/5400+30:1800+30"]

1. e4 c5 2. Nf3 Nc6 3. d4 cxd4 4. Nxd4 Nf6 5. Nc3 e5 6. Ndb5 d6 7. Bg5 a6 8. Na3 b5 9. Nd5 Be7 10. Bxf6 Bxf6 11. c4 b4 {[%emt 0:00:03] B33: Sicilian: Pelikan and Sveshnikov Variations} 12. Nc2 O-O (12... a5 13. Qf3 Be6 14. Rd1 Bxd5 15. Rxd5 Ne7 16. Rb5 Rb8 17. Bd3 Bg5 18. O-O O-O 19. Rd1 Qc7 20. a3 b3 {½-½ (72) Bogner,S (2619)-Cordova,E (2609) Batumi 2018}) 13. h4 a5 14. g3 Be6 15. Qd2 Bxd5 16. cxd5 {[%emt 0:00:09] LiveBook: 3 Games} Nb8 17. Bb5 Nd7 18. Ne3 $146 ({Predecessor:} 18. Bxd7 Qxd7 19. Ne3 {½-½ (38) Ramesh,R (2268)-Aykent,S (2266) ICCF email 2016}) 18... Nc5 19. f3 Qb8 20. Bc6 Ra7 21. Rc1 Bd8 22. Rxc5 dxc5 23. b3 c4 24. Nxc4 Bb6 25. g4 Bd4 26. Ke2 g6 27. h5 f5 28. hxg6 $18 fxg4 29. d6 hxg6 30. Qh6 gxf3+ 31. Kf1 Kf7 32. Bd5+ Ke8 33. Qxf8+ Kxf8 34. Rh8+ Kg7 35. Rxb8 Kh6 36. Rb7 Ra8 37. Rh7+ 1-0

[Event "WYCC 2018 G18"]
[Site "Halkidiki"]
[Date "2018.10.23"]
[Round "5"]
[White "Martynkova, Olena"]
[Black "Salimova, Asal"]
[Result "1-0"]
[ECO "A40"]
[WhiteElo "2188"]
[BlackElo "1870"]
[Annotator "NA"]
[PlyCount "54"]
[EventDate "2018.10.20"]
[EventType "swiss"]
[EventCountry "GRE"]
[SourceTitle "playchess.com"]
[Source "ChessBase"]
[SourceQuality "1"]
[TimeControl "40/5400+30:1800+30"]

1. d4 g6 2. c4 Bg7 3. Nf3 d6 4. Nc3 Nd7 5. g3 $11 e5 6. Bg2 Ne7 7. O-O O-O 8. e4 exd4 9. Nxd4 Ne5 10. b3 N7c6 11. Nxc6 bxc6 12. Bb2 Rb8 13. Qe2 f5 14. f4 Ng4 15. Rad1 Qe7 16. h3 Nh6 17. Rfe1 Re8 18. Qf2 Qd7 19. Qxa7 Rb7 20. Qf2 Rb8 21. e5 Bb7 22. Na4 Ba8 23. exd6 cxd6 24. Bxg7 Qxg7 25. Rxd6 Nf7 26. Rd7 c5 27. Nxc5 Qc3 1-0

[Event "WYCC 2018 G18"]
[Site "Halkidiki"]
[Date "2018.10.23"]
[Round "5"]
[White "Radeva, Viktoria"]
[Black "Stashis, Anna"]
[Result "1-0"]
[ECO "B33"]
[WhiteElo "2163"]
[BlackElo "1979"]
[Annotator "NA"]
[PlyCount "75"]
[EventDate "2018.10.20"]
[EventType "swiss"]
[EventCountry "GRE"]
[SourceTitle "playchess.com"]
[Source "ChessBase"]
[SourceQuality "1"]
[TimeControl "40/5400+30:1800+30"]

1. e4 c5 2. Nf3 Nc6 3. d4 cxd4 4. Nxd4 Nf6 5. Nc3 e5 6. Ndb5 d6 7. Bg5 a6 8. Na3 b5 9. Nd5 Be7 10. Bxf6 Bxf6 11. c3 Bg5 12. Nc2 Ne7 13. a4 bxa4 14. Ncb4 O-O 15. Rxa4 a5 16. Nxe7+ Qxe7 17. Bc4 Be6 18. Bd5 Bxd5 $14 19. Qxd5 Qd7 20. Rxa5 Rxa5 21. Qxa5 Qg4 22. O-O Qxe4 23. Qd5 Qe2 24. b3 Bd2 25. Qxd6 h6 26. Nd5 Ra8 27. Ne7+ Kh7 28. Qd5 Rf8 29. c4 g6 30. Qf3 Qxf3 31. gxf3 Rb8 32. Rb1 Rb7 33. Nc6 Bc3 34. b4 Kg7 35. b5 Kf6 36. b6 Bd4 37. Nxd4 exd4 38. c5 1-0

[Event "WYCC 2018 G18"]
[Site "Halkidiki"]
[Date "2018.10.23"]
[Round "5"]
[White "Represa Perez, Mireya"]
[Black "Dong, Khanh Linh"]
[Result "0-1"]
[ECO "C07"]
[WhiteElo "2151"]
[BlackElo "1879"]
[Annotator "NA"]
[PlyCount "80"]
[EventDate "2018.10.20"]
[EventType "swiss"]
[EventCountry "GRE"]
[SourceTitle "playchess.com"]
[Source "ChessBase"]
[SourceQuality "1"]
[TimeControl "40/5400+30:1800+30"]

1. e4 e6 2. d4 d5 3. Nd2 c5 4. exd5 Qxd5 5. Ngf3 Nf6 6. Bc4 Qd6 7. O-O Bd7 8. Nb3 cxd4 9. Nbxd4 Be7 10. Qe2 a6 11. Rd1 Qb6 12. Ne5 O-O 13. Nxd7 Nbxd7 14. Nxe6 fxe6 15. Bxe6+ Kh8 16. Bxd7 Bc5 17. Be3 Nxd7 18. Rxd7 Qxb2 19. Rdd1 Bxe3 20. fxe3 Rae8 21. Qd3 Qe5 22. Re1 Rf6 23. Qd4 Qc7 24. Re2 Ref8 25. a4 Qf7 26. Ree1 Rf2 27. Qe4 b5 28. axb5 axb5 29. c3 Qf6 30. Rac1 Qd6 31. Rcd1 Qf6 32. Rc1 h6 33. Qb7 Qf5 34. Qc6 Qd3 35. h3 R8f6 36. Qc8+ Kh7 37. Qb7 Rb2 38. Rf1 Qxe3+ 39. Kh1 Rff2 40. Rg1 Qxh3+ 0-1

[Event "WYCC 2018 G18"]
[Site "Halkidiki"]
[Date "2018.10.23"]
[Round "5"]
[White "Rozman, Monika"]
[Black "Injac, Teodora"]
[Result "0-1"]
[ECO "B90"]
[WhiteElo "2141"]
[BlackElo "2258"]
[Annotator "NA"]
[PlyCount "86"]
[EventDate "2018.10.20"]
[EventType "swiss"]
[EventCountry "GRE"]
[SourceTitle "playchess.com"]
[Source "ChessBase"]
[SourceQuality "1"]
[TimeControl "40/5400+30:1800+30"]

1. e4 c5 2. Nf3 d6 3. d4 cxd4 4. Nxd4 Nf6 5. Nc3 a6 6. Be3 e5 7. Nf3 Nc6 8. Bc4 Be6 9. Bb3 Be7 10. O-O O-O 11. Bg5 Nd7 {[%emt 0:00:41] B90: Sicilian Najdorf: Unusual White 6th moves, 6 Be3 Ng4 and 6 Be3 e5} 12. Bxe7 Qxe7 13. Qe2 (13. Nd5 Qd8 14. Qe2 Nc5 15. Rfd1 h6 16. Qe3 Nxb3 17. axb3 Ne7 18. Nb6 Rb8 19. Nxe5 {1-0 (42) Grischuk,A (2761)-Topalov,V (2749) Paris 2017}) 13... Nc5 14. Rad1 {[%emt 0:10:09] [#]} Rad8 $146 ({Predecessor:} 14... b5 15. Bd5 Qc7 16. h3 Rad8 17. a3 Ne7 18. Qe3 h6 19. Rd2 {½-½ (40) Tologontegin,S (2388)-Smikovski,I (2555) Tomsk 2008}) 15. Rfe1 b5 16. Nd5 Qb7 17. c3 a5 18. h3 b4 19. Bc2 Ne7 20. c4 Bxd5 21. exd5 f5 22. b3 Ng6 $15 23. Kh2 Rde8 24. Rg1 Qe7 25. g4 e4 26. Nd4 Qe5+ 27. Kh1 f4 28. f3 exf3 29. Qxf3 Qg5 30. Ne6 Nxe6 31. dxe6 Rxe6 32. Qd5 Qxd5+ 33. Rxd5 Nh4 34. Rh5 Rh6 35. Rxa5 Nf3 36. Rf1 Rxh3+ 37. Kg2 Rg3+ 38. Kf2 Ne5 39. Bf5 Nxg4+ 40. Ke1 Re8+ 41. Kd2 Rg2+ 42. Kc1 Ne3 43. Re1 f3 0-1

[Event "WYCC 2018 G18"]
[Site "Halkidiki"]
[Date "2018.10.23"]
[Round "5"]
[White "Egyed, Judit"]
[Black "Koehler, Inken"]
[Result "0-1"]
[ECO "B43"]
[WhiteElo "2089"]
[BlackElo "1934"]
[Annotator "NA"]
[PlyCount "84"]
[EventDate "2018.10.20"]
[EventType "swiss"]
[EventCountry "GRE"]
[SourceTitle "playchess.com"]
[Source "ChessBase"]
[SourceQuality "1"]
[TimeControl "40/5400+30:1800+30"]

1. e4 c5 2. Nf3 e6 3. d4 cxd4 4. Nxd4 a6 5. Nc3 Qc7 6. Be3 Bb4 7. Nde2 Nf6 8. a3 Be7 9. h3 b5 10. g4 Bb7 11. Bg2 d6 12. Nd4 Nc6 13. Nxc6 Bxc6 14. Bd4 O-O 15. g5 Nd7 16. Qg4 Ne5 $17 17. Qg3 f5 18. gxf6 Bxf6 19. Ne2 Qe7 20. h4 Rac8 21. c3 Qb7 22. f3 Nd3+ 23. Kd2 Nxb2 24. Bh3 Nc4+ 25. Kc2 Qe7 26. Rhg1 Bd7 27. Kb3 Nd2+ 28. Kb2 Nxf3 29. Bxf6 Rxf6 30. Raf1 Nxg1 31. Nxg1 Rxf1 32. Bxf1 e5 33. Nf3 Rf8 34. Be2 Rf4 35. h5 Rxe4 36. Qf2 Qf6 37. Qg2 Rxe2+ 38. Qxe2 Bg4 39. Qe3 Qxf3 40. Qa7 Qe2+ 41. Kc1 Qd1+ 42. Kb2 Qd2+ 0-1

[Event "WYCC 2018 G18"]
[Site "Halkidiki"]
[Date "2018.10.23"]
[Round "5"]
[White "Janiashvili, Mariami"]
[Black "Avramidou, Anastasia"]
[Result "1/2-1/2"]
[ECO "E12"]
[WhiteElo "2081"]
[BlackElo "2285"]
[Annotator "NA"]
[PlyCount "81"]
[EventDate "2018.10.20"]
[EventType "swiss"]
[EventCountry "GRE"]
[SourceTitle "playchess.com"]
[Source "ChessBase"]
[SourceQuality "1"]
[TimeControl "40/5400+30:1800+30"]

1. d4 Nf6 2. c4 e6 3. Nf3 b6 4. a3 Ba6 5. Qc2 Bb7 6. Nc3 c5 7. dxc5 bxc5 8. Bf4 Be7 9. e3 {[%emt 0:01:12] E12: Queen's Indian: Unusual White 4th moves, 4 a3, 4 Nc3 Bb7 5 a3 and 4 Nc3 Bb7} (9. Rd1 O-O 10. e3 Qb6 11. Be2 d6 12. O-O h6 13. Rd2 Nh5 14. Bg3 Nxg3 15. hxg3 Rd8 16. Rfd1 Nd7 17. Ne1 {1-0 (60) Bartel,M (2658)-Olszewski,M (2539) Warsaw 2012}) 9... O-O 10. Be2 a6 11. h3 Nc6 $146 ({Predecessor:} 11... d6 12. O-O Nc6 13. Rfd1 Qc7 14. Ng5 h6 15. Nge4 Nxe4 16. Nxe4 {0-1 (67) Zherebtsova,A (2159)-Soyunlu,N (2095) Baku 2016}) 12. O-O Rc8 13. Rfd1 d6 14. Rd2 Qc7 15. Rad1 Rfd8 16. Ng5 Na5 17. Nge4 Nxe4 18. Nxe4 e5 19. Bg3 Qc6 20. Bf3 Qb6 21. Nc3 Bxf3 22. gxf3 Qb3 23. Nd5 Qxc2 24. Rxc2 Kf8 25. f4 f6 26. f3 Kf7 (26... Nb3 $14) 27. Be1 Nc6 $11 28. Bc3 g6 29. Rcd2 Bf8 30. Rd3 Ke6 31. Be1 Bg7 32. Kg2 h6 33. b4 cxb4 34. axb4 Na7 35. c5 dxc5 36. bxc5 Nc6 37. fxe5 fxe5 38. Nb6 Rxd3 39. Rxd3 Rd8 40. Ra3 Rd1 41. Kf2 1/2-1/2

[Event "WYCC 2018 G18"]
[Site "Halkidiki"]
[Date "2018.10.23"]
[Round "5"]
[White "Limanovska, Elizabete"]
[Black "Muratova, Saltanat"]
[Result "1-0"]
[ECO "B33"]
[WhiteElo "2072"]
[BlackElo "1859"]
[Annotator "NA"]
[PlyCount "141"]
[EventDate "2018.10.20"]
[EventType "swiss"]
[EventCountry "GRE"]
[SourceTitle "playchess.com"]
[Source "ChessBase"]
[SourceQuality "1"]
[TimeControl "40/5400+30:1800+30"]

1. e4 c5 2. Nf3 Nc6 3. d4 cxd4 4. Nxd4 Nf6 5. Nc3 e5 6. Ndb5 d6 7. Bg5 a6 8. Na3 b5 9. Nd5 Be7 10. Bxf6 Bxf6 11. c3 O-O 12. Nc2 Bg5 13. a4 bxa4 14. Rxa4 $14 {[%emt 0:04:08] LiveBook: 1681 Games} a5 15. Bc4 Rb8 16. Ra2 Kh8 17. Nce3 Ne7 18. O-O f5 19. Nxe7 Bxe7 20. Nxf5 Bxf5 21. exf5 Rxf5 22. Qd5 Qf8 23. Rxa5 Rxb2 24. Ra8 Bd8 25. f3 Rg5 26. Rf2 Rxf2 27. Kxf2 e4 28. Qg8+ Qxg8 29. Bxg8 Kxg8 30. Rxd8+ Kf7 31. Rxd6 exf3 32. Kxf3 Rc5 33. Rd3 Ke6 34. Ke3 Rh5 35. h3 Rg5 36. Rd2 Ke5 37. g4 Rg6 38. c4 Ra6 39. Rd5+ Ke6 40. Kd4 Ra3 41. Re5+ Kd6 42. c5+ Kc6 43. Re6+ Kd7 44. Re3 Ra1 45. Rb3 Kc6 46. Rb6+ Kc7 47. Re6 Kd7 48. Re3 Rc1 49. Rc3 Rd1+ 50. Rd3 Rc1 51. Kd5 Kc7 52. Ra3 Rd1+ 53. Ke6 Kc6 54. Kf7 Rd7+ 55. Kg8 h6 56. Ra6+ Kxc5 57. Rg6 Rd3 58. h4 h5 59. Rg5+ Kd6 60. Rxh5 Rg3 61. Rg5 Ke6 62. Kxg7 Rc3 63. h5 Rc7+ 64. Kg6 Rc8 65. h6 Rg8+ 66. Kh5 Rh8 67. Rg7 Kf6 68. g5+ Kf5 69. Rf7+ Ke6 70. Kg6 Rg8+ 71. Rg7 1-0

[Event "WYCC 2018 G18"]
[Site "Halkidiki"]
[Date "2018.10.23"]
[Round "5"]
[White "Vanduyfhuys, Daria"]
[Black "Simic, Anja"]
[Result "1-0"]
[ECO "E15"]
[WhiteElo "2058"]
[BlackElo "1813"]
[Annotator "NA"]
[PlyCount "73"]
[EventDate "2018.10.20"]
[EventType "swiss"]
[EventCountry "GRE"]
[SourceTitle "playchess.com"]
[Source "ChessBase"]
[SourceQuality "1"]
[TimeControl "40/5400+30:1800+30"]

1. d4 Nf6 2. c4 e6 3. Nf3 b6 4. g3 Bb7 5. Bg2 d5 6. O-O Be7 7. Nc3 O-O 8. b3 Nbd7 9. cxd5 Nxd5 10. Nxd5 Bxd5 11. Bb2 Nf6 $11 12. Rc1 Rc8 13. Qd3 c5 14. Rfd1 cxd4 15. Bxd4 h6 16. Qb1 Rxc1 17. Qxc1 Qc8 18. Ne5 Bxg2 19. Kxg2 Qb7+ 20. Qc6 Rb8 21. Rc1 Qxc6+ 22. Rxc6 Rb7 23. Rc8+ Bf8 24. Bb2 b5 25. Bd4 Nh7 26. Nc6 a6 27. Kf3 f6 28. Bc5 e5 29. Nd8 Rd7 30. Ne6 Rf7 31. Ke4 Ng5+ 32. Nxg5 hxg5 33. Kf5 a5 34. g4 a4 35. e4 axb3 36. axb3 g6+ 37. Kxg6 1-0